AoeStats
← Carmelo maradona

African Clearing

510444103Analyzed
4v4 RM · 13h ago on Oct 1, 2026· 39m 19s· 8 players
Game mode
Random Map
Map size
Large (8 player)
Population
200
Speed
Normal
Resources
Standard
Victory
Conquest
Starting age
Dark Age
Ending age
Imperial Age
RankedLock teamsTeams togetherTeam positionsShared explorationLock speedFull tech treeHidden civsTurbo modeCheats
Victory
Defeat
🇨🇴 Turks · Colombia
1442
+13
🇨🇴 Japanese · Colombia
1369
+16
🇦🇷 Magyars · Argentina
1306
+18
🇦🇷 Vietnamese · Argentina
1296
+19
🇨🇱 Saxons · Chile
1376
-17
🇨🇱 Magyars · Chile
1367
-17
🇨🇱 Koreans · Chile
1350
-16
🇨🇱 Gurjaras · Chile
1343
-16
JAGR | GastonWick
11:48 Loom
13:46 Feudal Age
15:51 Double-Bit Axe
19:20 Castle Age
17:26 Fletching
17:37 Padded Archer Armor
18:56 Bloodlines
20:21 Bodkin Arrow
28:39 Thumb Ring
29:57 Leather Archer Armor
32:32 Ballistics
34:19 Bow Saw
34:27 Horse Collar
38:23 Wheelbarrow
37:51 Heavy Plow
JAGR fran
11:51 Loom
14:07 Feudal Age
16:11 Town Watch
18:37 Castle Age
17:54 Double-Bit Axe
19:03 Fletching
31:40 Bodkin Arrow
31:46 Padded Archer Armor
34:28 Horse Collar
35:39 Leather Archer Armor
36:20 Wheelbarrow
35:46 Town Patrol
36:23 Heavy Plow
36:44 Bow Saw
37:16 Hand Cart
41:53 Imperial Age
Carmelo maradona
9:24 Loom
11:43 Feudal Age
12:47 Double-Bit Axe
15:36 Scale Barding Armor
16:44 Forging
23:58 Castle Age
22:53 Bloodlines
24:57 Husbandry
25:19 Chain Barding Armor
26:18 Wheelbarrow
36:26 Imperial Age
35:12 Iron Casting
38:01 Plate Barding Armor
38:27 Blast Furnace
Specialist
4:09 Loom
12:43 Feudal Age
18:09 Castle Age
16:50 Double-Bit Axe
24:28 Scale Mail Armor
25:37 Forging
26:23 Fletching
28:03 Arson
28:18 Squires
29:28 Bodkin Arrow
31:03 Chain Mail Armor
33:03 Iron Casting
37:39 Wheelbarrow
Loco Saiti
8:01 Loom
13:16 Feudal Age
18:40 Castle Age
17:24 Double-Bit Axe
18:19 Horse Collar
19:37 Bow Saw
23:02 Scale Barding Armor
24:28 Padded Archer Armor
24:21 Fletching
24:47 Padded Archer Armor
26:58 Bodkin Arrow
29:18 Ballistics
29:49 Husbandry
30:06 Bloodlines
30:41 Leather Archer Armor
34:35 Forging
35:19 Chain Barding Armor
37:54 Wheelbarrow
RaZeeeeK
12:19 Feudal Age
16:06 Castle Age
13:57 Double-Bit Axe
18:54 Loom
20:00 Horse Collar
22:12 Bow Saw
23:27 Wheelbarrow
23:04 Heavy Plow
24:36 Gold Mining
24:37 Stone Mining
26:15 Hand Cart
28:06 Scale Mail Armor
28:16 Forging
28:43 Gold Shaft Mining
27:51 Pikeman
28:34 Squires
29:15 Chain Mail Armor
31:14 Iron Casting
38:36 Fletching
TioNachoooi
11:15 Loom
13:22 Feudal Age
19:02 Castle Age
18:28 Scale Barding Armor
18:46 Bloodlines
18:39 Double-Bit Axe
19:43 Husbandry
25:57 Chain Barding Armor
Pipeño
10:59 Loom
12:45 Feudal Age
16:38 Fletching
29:22 Double-Bit Axe
41:28 Castle Age
Connection lost

Rejoining the realm…

Still unreachable

The connection could not be restored.

Session expired

The server has moved on; the page needs a fresh start.